cohdb
Replays
Latest Replays
All Replays
Popular Replays
Top Player Replays
Match Explorer
How It Works
Community
CoH3 Stats
Reddit
Sign in to upload your games and track your stats! →
Sign in with Steam
Match 43276698
Unlisted
Match 43276698
Overview
Messages
Build Orders
End
Kradschützen Motorcycle Team
Selects Panzerjäger Kommand Battlegroup
Selects Mine Fields
Panzerpioneer Squad
Panzerpioneer Squad
Panzergrenadier Squad
Panzergrenadier Squad
Construct Light Support Kompanie
2.5-tonne Medical Truck
Selects Defensive Positions
Fire Support Elements
Selects Tank Busters
Flakvierling Half-track
Panzerjäger Mechanized Group
Vehicle Survival Package
Construct Panzerarmee Kommand
Selects Butterfly Bomb Drop
Panzer III L Medium Tank
Selects Crew Shock Tactics
Panzerjäger Mechanized Group
Panzer III L Medium Tank
Panzer III L Medium Tank
Butterfly Bomb Drop
Emergency Repair Kits
Selects Anti-tank Overwatch
Pak 38 Mechanized Group
Crew Shock Tactics
Tungsten Core Ammunition
Anti-tank Overwatch
Panzer III L Medium Tank
Anti-tank Overwatch
2.5-tonne Medical Truck
Pak 38 Anti-tank Gun Team
Anti-tank Overwatch
AI-Crazy
Shinshigumi
0
0
Comments
sign in to comment!
No comments posted yet!